 Dungeon Crawl Stone Soup version 0.23-a0-183-gf37f6fb (webtiles) character file.

53825 mhoghedin the Grappler (level 14, -10/90 HPs)
             Began as a Centaur Gladiator on Sept 22, 2018.
             Was an Initiate of Gozag.
             Killed by divine providence
             ... invoked by a smoke demon
              (14 damage)
             ... on level 3 of the Abyss.
             The game lasted 00:42:39 (17094 turns).

mhoghedin the Grappler (Centaur Gladiator)         Turns: 17094, Time: 00:42:40

Health: -10/90     AC: 32    Str: 15 (17) XL:     14   Next: 32%
Magic:  12/12      EV:  4    Int:  2 (3)  God:    Gozag
Gold:   3992       SH:  4    Dex:  7 (8)  Spells: 13/13 levels left

rFire    + . .     SeeInvis .     - Unarmed
rCold    . . .     Gourm    .   x - +0 buckler
rNeg     . . .     Faith    .   D - +0 crystal plate armour
rPois    +         Spirit   .   Y - +1 hat {MR+}
rElec    .         Reflect  .   e - +1 cloak {rPois}
rCorr    .         Harm     .   C - +2 pair of gloves
MR       +++..     Rnd*Rage +   N - +4 centaur barding {rF+} Stlth ..........Rnd*Tele +
                                h - amulet of regeneration {+regen, !d}
HPRegen  0.00/turn              q - +5 ring of evasion
MPRegen  0.13/turn              g - ring of protection from magic {MR+, !d}

@: gold aura, berserk cooldown, hasted and slowed, wreathed by umbra, very quick
A: large, hooves 3, [berserk 3], [blurry vision 3], [clumsy 2], deformed body,
[deterioration 2], [dopey 2], speed 2, [frail 3], [low mp 3], [screaming 2],
[inhibited regeneration], [teleportitis 3], tough skin 3, [weak 2], [no potion
heal 2], [subdued magic 3]
a: Potion Petition, Call Merchant, Bribe Branch, Renounce Religion


You were on level 3 of the Abyss.
You worshipped Gozag.
Gozag was most pleased with you.
You were not hungry.

You visited 3 branches of the dungeon, and saw 17 of its levels.
You visited the Abyss 2 times.
You also visited: Sewer, Ossuary and Ice Cave.

You collected 4932 gold pieces.
You spent 480 gold pieces at shops.
You paid 460 gold pieces to Gozag.

Inventory:

Hand Weapons
 b - the +7 great mace of a bazaar {pain, +Rage Str-2 Int+5, unknown}
   (You found it on level 4 of the Lair of Beasts)

   In the hands of one skilled in necromantic magic, it inflicts extra damage on
   living creatures.
   It affects your strength (-2).
   It affects your intelligence (+5).
   It lets you go berserk.
 Z - a +0 longbow
   (You took it off an orc warrior on level 10 of the Dungeon)
Missiles
 c - 3 throwing nets {=f, !d}
 m - 9 javelins (quivered)
Armour
 e - a +1 cloak of poison resistance (worn)
   (You found it on level 9 of the Dungeon)
 x - a +0 buckler (worn)
   (You found it on level 4 of the Dungeon)
 C - a +2 pair of gloves (worn)
   (You found it on level 6 of the Dungeon)
 D - a +0 crystal plate armour (worn)
   (You found it on level 6 of the Dungeon)
 N - a +4 centaur barding of fire resistance (worn)
   (You bought it in a shop on level 10 of the Dungeon)
 Y - a +1 hat of magic resistance (worn)
   (You took it off Gastronok on level 3 of the Lair of Beasts)
Jewellery
 g - a ring of protection from magic (right hand) {MR+, !d}
   (You found it on level 10 of the Dungeon)
 h - an amulet of regeneration (around neck) {+regen, !d}
   (You found it on level 1 of the Dungeon)
 i - an uncursed ring of resist corrosion
   (You took it off a kobold on level 3 of the Dungeon)
 q - a +5 ring of evasion (left hand)
   (You found it on level 3 of the Dungeon)
 w - an uncursed ring of fire {rF+, rC-}
   (You found it on level 4 of the Dungeon)
 P - an uncursed ring of see invisible {sInv, !d}
   (You found it on level 3 of the Lair of Beasts)
 T - an uncursed ring of protection from fire {rF+, !d}
   (You found it on level 1 of the Lair of Beasts)
 W - an uncursed ring of protection from magic {MR+, !d}
   (You found it on level 2 of the Lair of Beasts)
 X - an uncursed ring of ice {rC+, rF-}
   (You found it on level 2 of the Lair of Beasts)
Wands
 a - a wand of digging (21)
   (You took it off Sigmund on level 2 of the Dungeon)
 y - a wand of polymorph (29)
   (You took it off Ijyb on level 4 of the Dungeon)
 A - a wand of clouds (1)
   (You found it on level 5 of the Dungeon)
 R - a wand of scattershot (2)
   (You found it in an ice cave)
 S - a wand of enslavement (15)
   (You found it on level 1 of the Lair of Beasts)
 V - a wand of flame (60)
   (You found it on level 2 of the Lair of Beasts)
Scrolls
 f - 4 scrolls of amnesia
 k - 4 scrolls of identify
 l - 3 scrolls of fear
 n - 10 scrolls of remove curse
 r - 4 scrolls of teleportation
 t - 4 scrolls of fog
 v - 2 scrolls of enchant weapon
 B - 4 scrolls of blinking {!r}
 U - a scroll of magic mapping {!r}
Potions
 j - 8 potions of curing
 o - a potion of cancellation
 p - 5 potions of flight
 u - 3 potions of agility {unknown}
 z - 4 potions of brilliance
 E - 2 potions of haste
 F - a potion of ambrosia {unknown}
 G - 2 potions of might
 H - 3 potions of invisibility
 I - 4 potions of mutation {!q}
 K - a potion of heal wounds
 L - a potion of lignification {!q}
 M - 3 potions of resistance {unknown}
 Q - a potion of berserk rage {!q}
Comestibles
 d - 19 rations


   Skills:
 + Level 13.1 Fighting
 - Level 2.1 Throwing
 + Level 8.9 Armour
 + Level 8.8 Dodging
 - Level 3.1 Shields
 + Level 13.2 Unarmed Combat
 - Level 5.4 Evocations


You had 13 spell levels left.
You didn't know any spells.
Your spell library contained the following spells:

 Spells                   Type           Power        Failure   Level  Hunger
 Confusing Touch          Hex            #.....       100%        1    ##.....
 Magic Dart               Conj           #...         100%        1    ##.....
 Shock                    Conj/Air       #...         100%        1    ##.....
 Searing Ray              Conj           #.....       100%        2    ###....
 Swiftness                Chrm/Air       #.......     100%        2    ###....
 Confuse                  Hex            #.......     100%        3    ####...
 Dazzling Spray           Conj/Hex       #.....       100%        3    ####...
 Gell's Gravitas          Tloc           #.........   100%        3    ####...
 Static Discharge         Conj/Air       #.......     100%        3    ####...
 Airstrike                Air            #.........   100%        4    #####..
 Force Lance              Conj/Tloc      #.......     100%        4    #####..
 Fulminant Prism          Conj/Hex       #.........   100%        4    #####..
 Iskenderun's Mystic Bla  Conj           #.......     100%        4    #####..
 Petrify                  Tmut/Erth      #.......     100%        4    #####..
 Lightning Bolt           Conj/Air       #.........   100%        5    ######.
 Metabolic Englaciation   Hex/Ice        #.........   100%        5    ######.
 Yara's Violent Unravell  Hex/Tmut       #.........   100%        5    ######.


Dungeon Overview and Level Annotations

Branches:
Dungeon (11/15)            Temple (1/1) D:6            Lair (5/6) D:10
  Swamp (0/4) Lair:3       Spider (0/4) Lair:2          Orc (0/2) D:10
  Slime: Lair:5-6

Altars:
Ashenzari
Cheibriados
Dithmenos
Elyvilon
Fedhas
Gozag
Hepliaklqana
Kikubaaqudgha
Makhleb
Nemelex Xobeh
Okawaru
Qazlal
Ru
Sif Muna
Trog
Uskayaw
Vehumet
Wu Jian
Xom
Yredelemnul
Zin
The Shining One

Shops:
D:10 ([

Annotations:
Lair:5 Rupert


Innate Abilities, Weirdness & Mutations

You have hooves in place of feet.
Armour fits poorly on your strangely shaped body.
You cover ground very quickly.
You have extremely tough skin. (AC +3)
[You have an uncontrollable temper.]
[Scrolls take you much longer to read.]
[You are very clumsy. (Dex -4)]
[Your body often deteriorates upon taking damage.]
[You are very dopey. (Int -4)]
[You are extremely frail. (-30% HP)]
[Your magical capacity is extremely low. (-30% MP)]
[You sometimes yell uncontrollably at your foes.]
[You do not regenerate when monsters are visible.]
[You are often teleported next to monsters.]
[You are very weak. (Str -4)]
[Potions are poor at restoring your health.]
[Your spells are much easier to cast, but much less powerful.]


Message History

You hit the profane servitor.
The profane servitor barely misses you. x2
The orange demon is distracted by the nearby gold.
The orange demon screeches!
You punch the profane servitor! Your kick misses the profane servitor.
You hear a roar!
A red draconian comes into view. It is wielding a scimitar.
The wretched star pulses with an eldritch light!
You feel clumsy.
You feel clumsy.
You feel frail.
You hear a chilling moan.
Unknown command.
You miss the profane servitor.
The profane servitor hits you but does no damage.
You block the profane servitor's attack.
The ufetubus barely misses you.
The ufetubus hits you but does no damage.
Your crystal plate armour prevents you from hitting the profane servitor.
The orange demon is no longer distracted by gold.
The profane servitor hits you with a whip of electrocution.
The profane servitor draws strength from your injuries!
The profane servitor hits you but does no damage.
A large abomination comes into view.
The ufetubus hits you but does no damage.
You block the ufetubus's attack.
You take 5 damage, and have 76/135 hp.
Your crystal plate armour prevents you from hitting the profane servitor.
You block the profane servitor's attack.
The profane servitor hits you but does no damage.
The ufetubus hits you but does no damage. x2
The orange demon stings you.
The orange demon hits you but does no damage.
The wretched star pulses with an eldritch light!
Your system partially rejects the healing effects of potions.
Your system mostly rejects the healing effects of potions.
You feel less energetic.
You take 3 damage, and have 73/135 hp.
You now have 12/12 mp.
Unknown command.
You pummel the profane servitor!! Your kick misses the profane servitor.
The wretched star pulses with an eldritch light!
You feel even more weirdly uncertain.
Your connection to magic feels nearly dormant.
The ynoxinul gestures.
You closely miss the profane servitor. Your kick misses the profane servitor.
The profane servitor hits you with a whip of electrocution!
The profane servitor draws strength from your injuries!
You are electrocuted!
The profane servitor hits you but does no damage.
You take 20 damage, and have 53/135 hp.
Your crystal plate armour prevents you from hitting the profane servitor.
Your kick misses the profane servitor.
The profane servitor hits you but does no damage.
You are electrocuted!
The profane servitor hits you but does no damage.
The ynoxinul gestures.
You take 10 damage, and have 43/135 hp.
You closely miss the profane servitor.
The profane servitor hits you but does no damage. x2
You are electrocuted!
* * * LOW HITPOINT WARNING * * *
You take 9 damage, and have 34/135 hp.
You miss the profane servitor. Your kick misses the profane servitor.
The ynoxinul gestures.
The profane servitor hits you but does no damage.
You are electrocuted!
* * * LOW HITPOINT WARNING * * *
The profane servitor barely misses you.
You take 9 damage, and have 25/135 hp.
You pummel the profane servitor!!
Your crystal plate armour prevents you from hitting the profane servitor.
The profane servitor hits you but does no damage. x2
The ynoxinul gestures.
Your crystal plate armour prevents you from hitting the profane servitor.
The profane servitor is distracted by the nearby gold.
You completely miss the profane servitor.
The profane servitor is no longer distracted by gold.
The ufetubus disappears in a puff of smoke!
The wretched star pulses with an eldritch light!
You feel the urge to shout.
You feel a strong urge to yell.
You miss the profane servitor. Your kick misses the profane servitor.
You are no longer berserk.
You are exhausted.
You feel yourself slow down.
The profane servitor is distracted by the nearby gold.
You now have 17/90 hp.
Really read with blurry vision while enemies are nearby?
Okay, then.
Unknown command.
You miss the profane servitor.
The profane servitor is no longer distracted by gold.
Your kick misses the profane servitor. The profane servitor barely misses you.
The profane servitor hits you but does no damage.
You are electrocuted!
* * * LOW HITPOINT WARNING * * *
Your body deteriorates!
You feel weakened. The smoke demon gestures at you. Something smites you!
You die...
Your body crumbles into a pile of gold.

.## ##.. .
.#.?# ......
. #.# . #.#
...#### #.
..#..4#@# .
.# .. #A##
...#.#.53#5#
## #.3#*## #
#...5# d#
...#.ยงยง.
... . ....
.... . ....
. ........
.... .. ...
.#.......


You could see a profane servitor, a wretched star, a smoke demon, a ynoxinul and
2 ufetubi.

Vanquished Creatures
  Gastronok (Lair:3)
  2 entropy weavers
  A very ugly thing (Abyss:3)
  Snorg (D:10)
  Fannar (D:11)
  5 hydras
  A two-headed ogre (D:8)
  A queen ant (Lair:5)
  4 death yaks
  A thrashing horror (Abyss:3)
  Sonja (Lair:1)
  Nergalle (Lair:4)
  A sixfirhy (Abyss:1)
  An unseen horror (D:9)
  A spatial maelstrom (Abyss:3)
  A deep elf mage (D:9)
  An ugly thing (D:10)
  15 elephants
  An ice statue (IceCv)
  2 black mambas (Lair:1)
  A torpor snail (Lair:4)
  11 spiny frogs
  A freezing wraith (D:9)
  A komodo dragon (Lair:4)
  A hellwing (Abyss:3)
  2 trolls
  8 polar bears (IceCv)
  A hornet (D:9)
  3 dream sheep (Lair:4)
  9 hippogriffs
  Sigmund (D:2)
  A wraith (Abyss:3)
  3 wyverns
  A vampire (D:9)
  2 golden eyes
  47 yaks
  2 basilisks
  5 water moccasins
  23 soldier ants
  11 porcupines
  7 orc warriors
  5 sky beasts
  2 ice beasts
  2 black bears
  2 ogres
  A necrophage (D:6)
  3 phantoms
  25 wolves
  3 centaurs
  10 crocodiles
  4 big kobolds
  A wyvern zombie (D:10)
  16 bullfrogs
  7 scorpions
  A troll zombie (Ossuary)
  A water moccasin skeleton (D:4)
  5 wights (D:7)
  A killer bee (Abyss:3)
  5 howler monkeys
  6 crimson imps
  2 centaur zombies
  2 quasits
  A centaur skeleton (D:5)
  3 bullfrog skeletons
  2 bullfrog zombies
  3 hounds
  A human zombie (Ossuary)
  7 orc wizards
  4 orc priests
  A gnoll shaman (D:9)
  4 jellies
  Ijyb (D:4)
  3 iguanas
  A merfolk siren (Sewer)
  26 worker ants
  A merfolk avatar (Sewer)
  3 ogre zombies (Ossuary)
  7 mummies (Ossuary)
  A worker ant zombie (D:9)
  Robin (D:3)
  4 gnolls (D:9)
  2 river rats
  13 adders
  A shadow imp (D:8)
  7 oozes
  2 adder skeletons
  An adder zombie (Ossuary)
  8 worms
  2 dart slugs (D:1)
  11 leopard geckos
  44 orcs
  11 bats
  10 giant cockroaches
  3 gnoll zombies (Ossuary)
  15 goblins
  9 hobgoblins
  20 jackals
  4 quokkas
  9 ball pythons
  8 frilled lizards
  4 goblin zombies (Ossuary)
  4 hobgoblin zombies (Ossuary)
  22 kobolds
  3 kobold zombies (Ossuary)
  A leopard gecko skeleton (D:6)
  5 quokka zombies (Ossuary)
  38 rats
  4 rat zombies (Ossuary)
  A fungus (Lair:5)
624 creatures vanquished.

Vanquished Creatures (others)
  2 wolves (IceCv)
  17 fungi
  7 plants
  9 starspawn tentacles (Abyss:3)
35 creatures vanquished.

Grand Total: 659 creatures vanquished

Notes
Turn   | Place    | Note
-------+----------+-------------------------------------------
     0 | D:1      | mhoghedin the Centaur Gladiator began the quest for the
                  | Orb.
     0 | D:1      | Reached XP level 1. HP: 17/17 MP: 1/1
   285 | D:1      | Reached XP level 2. HP: 24/25 MP: 2/2
   791 | D:1      | Reached XP level 3. HP: 30/30 MP: 3/3
  1303 | D:2      | Reached skill level 3 in Fighting
  1445 | D:2      | Found a glowing silver altar of Zin.
  1447 | D:2      | Noticed Sigmund
  1480 | D:2      | Killed Sigmund
  1480 | D:2      | Reached skill level 4 in Fighting
  1480 | D:2      | Reached skill level 4 in Unarmed Combat
  1480 | D:2      | Reached XP level 4. HP: 33/41 MP: 4/4
  1480 | D:2      | Reached XP level 5. HP: 38/47 MP: 5/5
  1705 | D:2      | Noticed a sky beast
  1720 | D:2      | Killed a sky beast
  1720 | D:2      | Reached skill level 5 in Unarmed Combat
  1720 | D:2      | Reached XP level 6. HP: 47/53 MP: 6/6
  1977 | D:3      | Noticed Robin
  2107 | D:3      | Killed Robin
  2142 | D:3      | Reached skill level 5 in Fighting
  2732 | D:3      | Found a glowing drain.
  2736 | Sewer    | Entered a sewer
  2953 | Sewer    | Reached skill level 6 in Unarmed Combat
  2953 | Sewer    | Reached XP level 7. HP: 61/61 MP: 7/7
  3416 | D:4      | Found a shattered altar of Ashenzari.
  3510 | D:4      | Found a white marble altar of Elyvilon.
  3768 | D:4      | Reached skill level 6 in Fighting
  3789 | D:4      | Noticed Ijyb
  3802 | D:4      | Killed Ijyb
  3829 | D:4      | Found a burning altar of Makhleb.
  3836 | D:4      | Reached skill level 1 in Shields
  4099 | D:5      | Entered Level 5 of the Dungeon
  4145 | D:5      | Reached skill level 2 in Shields
  4200 | D:5      | Noticed a golden eye
  4200 | D:5      | an ice beast changed into a golden eye
  4292 | D:5      | Killed a golden eye
  4292 | D:5      | Reached skill level 3 in Shields
  4292 | D:5      | Reached XP level 8. HP: 70/70 MP: 8/8
  4795 | D:5      | Reached skill level 7 in Unarmed Combat
  4857 | D:5      | Got a brightly glowing chain mail
  4878 | D:5      | Identified the +1 chain mail of Kiezi {rElec rC- Int+8
                  | Dex+4} (You found it on level 5 of the Dungeon)
  4974 | D:6      | Reached skill level 7 in Fighting
  5005 | D:6      | HP: 13/73 [something/magic dart (8)]
  5098 | D:6      | Reached skill level 1 in Armour
  5376 | D:6      | Found a staircase to the Ecumenical Temple.
  5389 | Temple   | Entered the Ecumenical Temple
  5575 | Temple   | Became a worshipper of Gozag Ym Sagoz the Greedy
  5652 | D:6      | Reached skill level 2 in Armour
  5652 | D:6      | Reached skill level 8 in Unarmed Combat
  5652 | D:6      | Reached XP level 9. HP: 65/80 MP: 9/9
  6481 | D:7      | Found a sand-covered staircase.
  6501 | Ossuary  | Entered an ossuary
  6574 | Ossuary  | Reached skill level 8 in Fighting
  7103 | D:7      | Reached skill level 3 in Armour
  7195 | D:7      | Found a shadowy altar of Dithmenos.
  7208 | D:7      | Reached skill level 3 in Dodging
  7342 | D:7      | Identified a scroll of acquirement
  7535 | D:7      | Reached skill level 9 in Unarmed Combat
  7822 | D:8      | Reached XP level 10. HP: 90/90 MP: 10/10
  7824 | D:8      | Found an ancient bone altar of Kikubaaqudgha.
  7890 | D:8      | Noticed a two-headed ogre
  7902 | D:8      | Killed a two-headed ogre
  7902 | D:8      | Reached skill level 9 in Fighting
  7902 | D:8      | Reached skill level 4 in Armour
  8036 | D:8      | Reached skill level 4 in Dodging
  8241 | D:8      | Found a shimmering altar of Xom.
  8241 | D:8      | Found a white marble altar of Elyvilon.
  8242 | D:8      | Found a sacrificial altar of Ru.
  8243 | D:8      | Found a hazy altar of Hepliaklqana.
  8711 | D:9      | Reached skill level 10 in Unarmed Combat
  8725 | D:9      | Reached skill level 5 in Armour
  8774 | D:9      | Noticed a deep elf mage
  9223 | D:9      | Reached skill level 5 in Dodging
  9223 | D:9      | Reached XP level 11. HP: 82/99 MP: 11/11
  9228 | D:9      | Killed an unseen horror
  9228 | D:9      | Reached skill level 10 in Fighting
  9264 | D:9      | Killed a deep elf mage
  9272 | D:9      | Got a dazzling glaive
  9381 | D:9      | Identified the +1 glaive of Xom's Anger {flame, Str+3} (You
                  | found it on level 9 of the Dungeon)
  9390 | D:10     | Entered Level 10 of the Dungeon
  9570 | D:10     | Noticed Snorg
  9571 | D:10     | Noticed a death yak
  9596 | D:10     | Killed Snorg
  9611 | D:10     | Noticed a death yak
  9612 | D:10     | Noticed a death yak
  9623 | D:10     | Killed a death yak
  9632 | D:10     | Killed a death yak
  9639 | D:10     | Killed a death yak
  9639 | D:10     | Reached skill level 6 in Armour
  9669 | D:10     | Found a staircase to the Lair.
  9755 | D:10     | Found Loulaj's Armour Shop.
  9756 | D:10     | Noticed a red ugly thing
  9782 | D:10     | Killed a red ugly thing
  9793 | D:10     | Reached skill level 6 in Dodging
  9819 | D:10     | Reached skill level 11 in Unarmed Combat
  9846 | D:10     | Found a staircase to the Orcish Mines.
  9925 | D:10     | Found Fuvofu's Weapon Shop.
  9930 | D:10     | Bought a +2 centaur barding of fire resistance for 480 gold
                  | pieces
 10265 | D:11     | Noticed Fannar
 10383 | Lair:1   | Entered Level 1 of the Lair of Beasts
 10383 | Lair:1   | Noticed a seven-headed hydra
 10419 | Lair:1   | Killed a seven-headed hydra
 10419 | Lair:1   | Reached skill level 2 in Evocations
 10498 | Lair:1   | Reached skill level 3 in Evocations
 10602 | Lair:1   | Noticed an eight-headed hydra
 10609 | Lair:1   | Noticed Sonja
 10609 | Lair:1   | Killed an eight-headed hydra
 10609 | Lair:1   | Reached XP level 12. HP: 76/108 MP: 14/14
 10617 | Lair:1   | Cast into level 1 of the Abyss (Sonja)
 10689 | Abyss:1  | HP: 15/108 [white imp/puff of frost (13)]
 10694 | Abyss:1  | HP: 11/108 [white imp/puff of frost (5)]
 10695 | Abyss:1  | Found a corrupted altar of Lugonu.
 10783 | Abyss:1  | Noticed a green draconian
 10792 | Lair:1   | Escaped the Abyss
 10798 | Lair:1   | Killed Sonja
 10798 | Lair:1   | Reached skill level 11 in Fighting
 11163 | Lair:1   | Reached skill level 4 in Evocations
 11844 | Lair:2   | Found a hole to the Spider Nest.
 12200 | Lair:2   | Noticed an eight-headed hydra
 12207 | Lair:2   | Killed an eight-headed hydra
 12438 | Lair:2   | Reached skill level 7 in Armour
 12449 | Lair:2   | Reached skill level 5 in Evocations
 12923 | Lair:3   | Found a frozen archway.
 12935 | IceCv    | Entered an ice cave
 12959 | IceCv    | Reached skill level 7 in Dodging
 13244 | IceCv    | Noticed a death yak
 13255 | IceCv    | Reached XP level 13. HP: 92/117 MP: 17/17
 13280 | IceCv    | Reached skill level 12 in Unarmed Combat
 13536 | Lair:3   | Noticed Gastronok
 13557 | Lair:3   | Killed Gastronok
 13837 | Lair:3   | Reached skill level 12 in Fighting
 13892 | Lair:3   | Found a staircase to the Swamp.
 14357 | D:11     | Killed Fannar
 14725 | Lair:4   | Got a twisted great mace
 14785 | Lair:4   | Reached skill level 8 in Armour
 14959 | Lair:4   | Noticed Nergalle
 14987 | Lair:4   | Killed Nergalle
 14987 | Lair:4   | Reached skill level 8 in Dodging
 15387 | Lair:5   | Noticed an entropy weaver
 15388 | Lair:5   | Noticed an entropy weaver
 15503 | Lair:5   | HP: 28/119 [entropy weaver (2)]
 15509 | Lair:5   | HP: 23/119 [soldier ant (1)]
 15511 | Lair:5   | Killed an entropy weaver
 15520 | Lair:5   | HP: 16/119 [crocodile (8)]
 15528 | Lair:5   | HP: 13/119 [crocodile (8)]
 15575 | Lair:5   | Noticed Rupert
 15589 | Lair:5   | HP: 29/119 [yak (8)]
 15602 | Lair:5   | HP: 28/119 [soldier ant (7)]
 15608 | Lair:5   | HP: 16/119 [soldier ant (6)]
 15806 | Lair:4   | Killed an entropy weaver
 15806 | Lair:4   | Reached XP level 14. HP: 54/127 MP: 18/18
 16028 | Lair:5   | Reached skill level 13 in Unarmed Combat
 16549 | Lair:5   | Reached skill level 13 in Fighting
 16572 | Lair:5   | Paralysed by Rupert for 2 turns
 16682 | Lair:5   | Cast into level 3 of the Abyss (Rupert)
 16683 | Abyss:3  | Noticed a green very ugly thing
 16690 | Abyss:3  | Noticed a starcursed mass
 16718 | Abyss:3  | HP: 32/129 [starcursed mass/accursed screaming (7)]
 16725 | Abyss:3  | HP: 21/129 [meliai/hand axe (4)]
 16741 | Abyss:3  | Killed a green very ugly thing
 16876 | Abyss:3  | Noticed a tentacled starspawn
 16898 | Abyss:3  | Found a corrupted altar of Lugonu.
 16934 | Abyss:3  | Noticed a profane servitor
 17026 | Abyss:3  | Noticed a tentacled starspawn
 17088 | Abyss:3  | HP: 25/135 [profane servitor/whip of electrocution (9)]
 17094 | Abyss:3  | HP: 4/90 [profane servitor/whip of electrocution (13)]
 17094 | Abyss:3  | Killed from afar by a smoke demon

Vault maps used:
D:1:      dpeg_arrival_water_fire, minmay_parallelograms, st_stairs_3,
          minivault_24, minmay_pentomino_z4
D:2:      lemuel_crystal_altar, uniq_sigmund
D:3:      gup_sewer_entry_spiral, uniq_robin
D:4:      makhleb_grotto_becter, cheibrodos_ashenzari_chains, elyvilon_altar_3,
          uniq_ijyb
D:5:      first_ration
D:6:      minmay_temple_entry_large_hall, kennysheep_small_circle
D:7:      nicolae_dithmenos_shadow_blocks, enter_ossuary_1
D:8:      minitemple
D:9:      onia_ninara_dug_in_and_dangerous
D:10:     dpeg_lair_monsters, orc_david_3, hangedman_little_slice_of_home,
          minmay_crystal_water, uniq_snorg
D:11:     grunt_ministairs_6, kennysheep_big_empty_room, uniq_psyche, uniq_grum,
          uniq_fannar
Temple:   nicolae_temple_figure_eight
Lair:1:   infiniplex_staircase_pool, grunt_megastairs_3, uniq_sonja
Lair:2:   nicolae_spider_entry_non_spiders, st_stairs_6, minivault_11
Lair:3:   swamp_mist, portal_ice_cave_entry_pillars_1, uniq_gastronok
Lair:4:   uniq_nergalle
Lair:5:   dpeg_slime_entry_enclosed_altar, zaba_anthell, uniq_rupert
Abyss:3:  hangedman_abyss_shoalhut, hangedman_abyss_overflow_altar,
          grunt_abyss_rune_wretched_hive, minivault_13
Sewer:    sewer_sea
Ossuary:  ossuary_boxes_badplayer
IceCv:    ice_cave_caverns_03

Skill      XL: |  1  2  3  4  5  6  7  8  9 10 11 12 13 14 |
---------------+-------------------------------------------+-----
Fighting       | 4 5 6 7 8 9 10 11 12 13 | 13.1
Unarmed Combat | 4 5 6 8 9 10 11 12 13 | 13.2
Shields        | 3 |  3.1
Armour         | 2 3 5 6 7 8 |  8.9
Dodging        | 3 5 6 7 8 |  8.8
Evocations     | 3 5 |  5.4
Throwing       | |  2.1

Action                   |  1- 3 |  4- 6 |  7- 9 | 10-12 | 13-15 || total
-------------------------+-------+-------+-------+-------+-------++-------
Melee: Unarmed           |   107 |   215 |   608 |   935 |   825 ||  2690
       Kick              |    18 |    38 |   176 |   297 |   308 ||   837
       Punch             |       |     2 |     4 |       |       ||     6
Throw: Javelin           |       |       |       |     3 |     5 ||     8
Invok: Potion Petition   |       |       |       |     1 |     1 ||     2
 Abil: Evoke Berserk Rag |       |       |       |     1 |       ||     1
Evoke: Wand              |       |       |     2 |    10 |    10 ||    22
       Box of beasts     |       |       |       |       |     1 ||     1
  Use: Potion            |     3 |     2 |       |     4 |     8 ||    17
       Scroll            |       |    12 |    11 |     7 |    11 ||    41
 Stab: Distracted        |       |       |       |     4 |     3 ||     7
       Confused          |       |       |       |     1 |       ||     1
  Eat: Chunk             |     1 |     2 |     3 |       |       ||     6
       Ration            |       |     1 |     3 |     5 |     3 ||    12
Armor: Ring mail         |    34 |    78 |    26 |       |       ||   138
       Leather armour    |     6 |       |       |       |       ||     6
       Skin              |     1 |       |       |       |       ||     1
       Crystal plate arm |       |       |   182 |   665 |   759 ||  1606
Dodge: Dodged            |    40 |   121 |   129 |   252 |   295 ||   837
Block: Buckler           |       |       |    56 |   154 |   181 ||   391

Table legend:
 A = Non-vault XP
 B = Vault XP
 C = Vault XP percentage of total XP
 D = Non-vault monster count
 E = Vault monster count
 F = Vault count percentage of total count
                 A         B        C        D         E       F
            +---------+---------+-------+---------+---------+-------
      Total |   49203 |   27690 |  36.0 |     402 |     221 |  35.5
            +---------+---------+-------+---------+---------+-------
        D:1 |      42 |       9 |  17.6 |      24 |       6 |  20.0
        D:2 |     172 |     220 |  56.1 |      16 |       1 |   5.9
        D:3 |     110 |      72 |  39.6 |      19 |      21 |  52.5
        D:4 |     237 |      88 |  27.1 |      18 |       2 |  10.0
        D:5 |     893 |       0 |   0.0 |      17 |       0 |   0.0
        D:6 |    1230 |       0 |   0.0 |      35 |       0 |   0.0
        D:7 |    1297 |       0 |   0.0 |      31 |       0 |   0.0
        D:8 |    2567 |       0 |   0.0 |      39 |       0 |   0.0
        D:9 |    3118 |    2310 |  42.6 |      33 |       7 |  17.5
       D:10 |    2394 |    4198 |  63.7 |      34 |      22 |  39.3
       D:11 |       0 |    1002 | 100.0 |       0 |       1 | 100.0
     Lair:1 |    5189 |     887 |  14.6 |      19 |       2 |   9.5
     Lair:2 |    6161 |     264 |   4.1 |      30 |       8 |  21.1
     Lair:3 |    4003 |    2089 |  34.3 |      21 |       1 |   4.5
     Lair:4 |   12554 |    2660 |  17.5 |      39 |       5 |  11.4
     Lair:5 |    6110 |    5883 |  49.1 |      21 |      38 |  64.4
    Abyss:1 |     784 |       0 |   0.0 |       1 |       0 |   0.0
    Abyss:3 |    2342 |    1470 |  38.6 |       5 |       2 |  28.6
      Sewer |       0 |     143 | 100.0 |       0 |      42 | 100.0
    Ossuary |       0 |     393 | 100.0 |       0 |      37 | 100.0
      IceCv |       0 |    6002 | 100.0 |       0 |      26 | 100.0
            +---------+---------+-------+---------+---------+-------

Vault maps used:
D:1:      dpeg_arrival_water_fire, minmay_parallelograms, st_stairs_3,
          minivault_24, minmay_pentomino_z4
D:2:      lemuel_crystal_altar, uniq_sigmund
D:3:      gup_sewer_entry_spiral, uniq_robin
D:4:      makhleb_grotto_becter, cheibrodos_ashenzari_chains, elyvilon_altar_3,
          uniq_ijyb
D:5:      first_ration
D:6:      minmay_temple_entry_large_hall, kennysheep_small_circle
D:7:      nicolae_dithmenos_shadow_blocks, enter_ossuary_1
D:8:      minitemple
D:9:      onia_ninara_dug_in_and_dangerous
D:10:     dpeg_lair_monsters, orc_david_3, hangedman_little_slice_of_home,
          minmay_crystal_water, uniq_snorg
D:11:     grunt_ministairs_6, kennysheep_big_empty_room, uniq_psyche, uniq_grum,
          uniq_fannar
Temple:   nicolae_temple_figure_eight
Lair:1:   infiniplex_staircase_pool, grunt_megastairs_3, uniq_sonja
Lair:2:   nicolae_spider_entry_non_spiders, st_stairs_6, minivault_11
Lair:3:   swamp_mist, portal_ice_cave_entry_pillars_1, uniq_gastronok
Lair:4:   uniq_nergalle
Lair:5:   dpeg_slime_entry_enclosed_altar, zaba_anthell, uniq_rupert
Abyss:3:  hangedman_abyss_shoalhut, hangedman_abyss_overflow_altar,
          grunt_abyss_rune_wretched_hive, minivault_13
Sewer:    sewer_sea
Ossuary:  ossuary_boxes_badplayer
IceCv:    ice_cave_caverns_03

Table legend:
 A = Turns spent in this place as a percentage of turns spent in the entire game.
 B = Non-inter-level travel turns spent in this place as a percentage of non-inter-level travel turns spent in the entire game.
 C = Inter-level travel turns spent in this place as a percentage of turns spent in this place.
 D = Turns resting spent in this place as a percentage of non-inter-level travel turns spent in this place.
 E = Turns spent auto-exploring this place as a percentage of non-inter-level travel turns spent in this place.
 F = Non-inter-level travel turns spent in this place divided by the number of levels of this place that you've seen.
                   A       B       C       D       E      F
               +-------+-------+-------+-------+-------+----------------------
         Total | 100.0 | 100.0 |   3.9 |  11.3 |  55.7 | 746.3
       Dungeon |  55.2 |  54.6 |   4.9 |   8.5 |  63.5 | 814.9
        Temple |   1.2 |   1.1 |   6.0 |   0.0 |  97.3 | 187.0
          Lair |  31.7 |  31.8 |   3.7 |  17.4 |  50.6 | 1045.0
         Abyss |   3.4 |   3.6 |   0.0 |  19.8 |   0.0 | 293.5
         Sewer |   2.3 |   2.3 |   0.0 |   0.0 |  40.3 | 385.0
       Ossuary |   2.8 |   2.9 |   0.0 |   0.6 |  57.1 | 473.0
      Ice Cave |   3.5 |   3.6 |   0.0 |   9.2 |  33.9 | 598.0
               +-------+-------+-------+-------+-------+----------------------

Table legend:
 A = Kills in this place as a percentage of kills in entire the game.
 B = Kills by you in this place as a percentage of kills by you in the entire game.
 C = Kills by friends in this place as a percentage of kills by friends in the entire game.
 D = Other kills in this place as a percentage of other kills in the entire game.
 E = Experience gained in this place as a percentage of experience gained in the entire game.
 F = Experience gained in this place divided by the number of levels of this place that you have seen.
                   A       B       C       D       E      F
               +-------+-------+-------+-------+-------+----------------------
         Total | 100.0 | 100.0 |   N/A |   N/A | 100.0 | 3495.1
       Dungeon |  52.3 |  52.3 |   N/A |   N/A |  26.0 | 1814.5
          Lair |  29.5 |  29.5 |   N/A |   N/A |  59.6 | 9160.0
         Abyss |   1.3 |   1.3 |   N/A |   N/A |   6.0 | 2298.0
         Sewer |   6.7 |   6.7 |   N/A |   N/A |   0.2 | 143.0
       Ossuary |   5.9 |   5.9 |   N/A |   N/A |   0.5 | 393.0
      Ice Cave |   4.2 |   4.2 |   N/A |   N/A |   7.8 | 6002.0
               +-------+-------+-------+-------+-------+----------------------
